cohdb
Replays
Latest Replays
All Replays
Popular Replays
Top Player Replays
Match Explorer
How It Works
Community
CoH3 Stats
Reddit
Sign in to upload your games and track your stats! →
Sign in with Steam
Match 45497183
Unlisted
Match 45497183
Overview
Messages
Build Orders
End
Kettenkrad Recon Vehicle
Construct Infanterie Kompanie
Grenadier Squad
MG 42 Machine Gun Team
Grenadier Squad
Selects Terror Battlegroup
Selects Machine Gun Camouflage
Construct Luftwaffe Kompanie
Medical Bunker
Jäger Squad
Selects Interrogate
Support Elements
Wirbelwind Flakpanzer
(KCC)MGfirst
ChineseMomBoom
UMirinBrah?
Tirant
0
0
Comments
sign in to comment!
No comments posted yet!